 Dungeon Crawl Stone Soup version 0.29-a0-371-g91724d5b39 (webtiles) character file.

Game seed: 2132248631961483408

236 happo123 the Skirmisher (level 6, -10/49 HPs)
             Began as a Formicid Abyssal Knight on May 3, 2022.
             Was a Priest of Lugonu.
             Killed by divine providence
             ... invoked by an orc priest
              (12 damage)
             ... on level 4 of the Dungeon.
             The game lasted 00:26:21 (3998 turns).

happo123 the Skirmisher (Formicid Abyssal Knight)   Turns: 3998, Time: 00:26:22

Health: -10/49     AC: 12    Str: 20    XL:     6   Next: 27%
Magic:  2/2        EV:  6    Int:  9    God:    Lugonu [***...]
Gold:   261        SH:  0    Dex: 11    Spells: 5/5 levels left

rFire   . . .      SeeInvis +   w - +0 war axe (antimagic)
rCold   . . .      Faith    .   (no shield)
rNeg    . . .      Spirit   .   s - +0 plate armour
rPois   +          Reflect  .   (helmet unavailable)
rElec   .          Harm     .   (no cloak)
rCorr   .          Rampage  .   (no gloves)
Will    .....                   h - +0 pair of boots
Stlth   ..........              (no amulet)
HPRegen 0.16/turn               o - ring of flight
MPRegen 0.08/turn               q - ring of poison resistance

@: flying
A: permanent stasis, dig shafts and tunnels, antennae 3, four strong arms
a: Dig, Shaft Self, Renounce Religion, Depart the Abyss, Bend Space, Banish


You were on level 4 of the Dungeon.
You worshipped Lugonu.
Lugonu was most pleased with you.
You visited 2 branches of the dungeon, and saw 5 of its levels.
You visited the Abyss 1 time.

You collected 261 gold pieces.

Inventory:

Hand Weapons
 a - a +1 spear
 w - a +0 antimagic war axe (weapon)
 y - a +2 vampiric dagger
 A - the +1 dagger of Xeir {antimagic, Fragile Str+4}
   (You found it on level 4 of the Dungeon)

   It reduces the magical energy of the wielder, and disrupts the spells and
   magical abilities of those it strikes.
   Natural abilities and divine invocations are not affected.
   Str:       It affects your strength (+4).
   Fragile:   It will be destroyed if unequipped.
Missiles
 k - 12 javelins (quivered)
Armour
 b - a +0 leather armour
 h - a +0 pair of boots (worn)
 i - a +0 ring mail
 s - a +0 plate armour (worn)
Jewellery
 o - a ring of flight (left hand)
 q - a ring of poison resistance (right hand)
 z - a ring of resist corrosion
Wands
 p - a wand of acid (10)
Scrolls
 e - 6 scrolls of identify {unknown}
 f - a scroll of enchant weapon {unknown}
 j - a scroll of blinking {unknown}
 l - a scroll of noise {unknown}
 m - a scroll of magic mapping {unknown}
 u - 3 scrolls of teleportation
 B - a scroll of enchant armour {unknown}
 C - a scroll of silence {unknown}
Potions
 c - a potion of invisibility {unknown}
 d - 2 potions of flight {unknown}
 g - a potion of attraction {unknown}
 n - a potion of lignification {unknown}
 r - a potion of curing {unknown}
 t - 2 potions of might {unknown}
 v - a potion of ambrosia {unknown}
 x - a potion of haste {unknown}


   Skills:
 + Level 4.3 Fighting
 + Level 3.2 Polearms
 + Level 3.5 Armour
 + Level 2.3 Dodging
 + Level 3.7 Invocations


You had 5 spell levels left.
You didn't know any spells.
Your spell library contained the following spells:

 Spells                   Type           Power      Damage    Failure   Level
 Corpse Rot               Necr/Air       0%         N/A       100%        2
 Poisonous Vapours        Pois/Air       0%         N/A       100%        2


Dungeon Overview and Level Annotations

Branches:
Dungeon (4/15)             Temple (1/1) D:4

Altars:
Cheibriados
Dithmenos
Elyvilon
Gozag
Kikubaaqudgha
Makhleb
Nemelex Xobeh
Qazlal
Ru
Sif Muna
Trog
Uskayaw
Vehumet
Wu Jian
Xom
Yredelemnul
The Shining One
Beogh

Shops:
D:1 :


Innate Abilities, Weirdness & Mutations

You cannot be hasted, slowed, berserked, paralysed or teleported.
You can dig through walls and to a lower floor.
You have a pair of large antennae on your head. (SInv)
Your four strong arms can wield two-handed weapons with a shield.


Message History

An orc priest and an orc come into view.
The orc shouts!
An orc priest comes into view. It is wielding a +0 club.
An orc comes into view. It is wielding a +0 dagger.
An orc comes into view. It is wielding a +0 club.
The orc shouts! x2; The orc priest shouts!
The orc priest looks encouraged for a moment.
The orc priest looks braver for a moment.
You barely miss the orc. The orc completely misses you.
The orc priest invokes the aid of Beogh against you.
Beogh smites you!
You barely miss the orc.
The orc priest looks encouraged for a moment.
You hit the orc.
The orc is heavily wounded.
You barely miss the orc.
The orc is heavily wounded.
The orc hits you with a +0 dagger.
The orc priest calls down the wrath of Beogh upon you.
Beogh smites you!
The orc priest calls down the wrath of Beogh upon you.
Beogh smites you!
You barely miss the orc.
The orc is heavily wounded.
You hit the orc. The orc hits you but does no damage.
The orc barely misses you. The orc hits you but does no damage.
The orc priest calls down the wrath of Beogh upon you.
Beogh smites you!
* * * LOW HITPOINT WARNING * * *
The orc attacks as you move away! The orc hits you with a +0 hand axe.
* * * LOW HITPOINT WARNING * * *
The orc hits you but does no damage.
You don't have enough health at the moment.
As you read the scroll labelled OPETAWNAYG, it crumbles to dust.
You feel a strange sense of stasis.
It was a scroll of teleportation.
The orc priest looks braver for a moment.
The orc attacks as you move away! The orc completely misses you.
The orc priest invokes the aid of Beogh against you.
Beogh smites you!
You die...

#....#.............
##....#....#........
#.....#.............
#...o..o............
#..oo.###...........
#..o#####...........
#...# #.............
#..o# #.............
#..@# #.............
#...# #.............
#...###.............
#...................
##..................
#..................
###.............#..
#..............#..
#..............###


You could see 2 orc priests and 3 orcs.

Vanquished Creatures
  A scorpion (D:2)
  An orc priest (D:3)
  An orc wizard (D:3)
  4 adders
  2 dart slugs
  5 orcs
  7 ball pythons
  7 endoplasms
  3 giant cockroaches
  7 goblins
  8 hobgoblins
  3 jackals (D:2)
  9 kobolds
  4 quokkas
  6 bats
  5 frilled lizards
  4 rats
77 creatures vanquished.

Notes
Turn   | Place    | Note
-------+----------+-------------------------------------------
     0 | Abyss:1  | happo123 the Formicid Abyssal Knight began the quest for
                  | the Orb.
     0 | Abyss:1  | Reached XP level 1. HP: 18/18 MP: 2/2
    49 | Abyss:1  | Noticed a mana viper
    62 | D:1      | Escaped the Abyss
   156 | D:1      | Reached skill level 1 in Dodging
   330 | D:1      | Found Urrehewk's Book Emporium.
   358 | D:1      | Reached XP level 2. HP: 22/24 MP: 3/3
   363 | D:1      | Reached ** piety under Lugonu
   829 | D:1      | Reached XP level 3. HP: 29/29 MP: 4/4
   853 | D:1      | Found a faded altar of an unknown god.
  1679 | D:2      | Reached XP level 4. HP: 29/37 MP: 6/6
  1806 | D:2      | Noticed a scorpion
  1819 | D:2      | Killed a scorpion
  1820 | D:2      | Reached skill level 4 in Fighting
  1820 | D:2      | Reached XP level 5. HP: 22/42 MP: 7/7
  2805 | D:3      | Found a bloodstained altar of Trog.
  3043 | D:3      | Reached *** piety under Lugonu
  3064 | D:3      | Reached XP level 6. HP: 24/48 MP: 2/8
  3418 | D:4      | Found a staircase to the Ecumenical Temple.
  3442 | Temple   | Entered the Ecumenical Temple
  3705 | D:4      | Identified the +1 dagger of Xeir {antimagic, Fragile Str+4}
  3755 | D:4      | Found a sacrificial altar of Ru.
  3993 | D:4      | HP: 1/49 [orc/+0 hand axe (4)]
  3998 | D:4      | Killed from afar by an orc priest

Illustrated notes

Levels and vault maps discovered:
D:1:      moated_graveyard_arrival, layout_basic,
          hellmonk_ecumenical_altar_prayer_group, serial_shops, shop,
          minmay_pentomino_x4
D:2:      layout_basic, serial_glass, glass_columns_b, glass_columns_c,
          glass_columns_b, glass_columns_a, glass_columns_c, glass_columns_a,
          glass_columns_b, glass_columns_a, minmay_randomly_rotated_circles
D:3:      layout_loops_corners, trog_antimagical, corexii_leaking_fountain,
          kennysheep_orc_chapel
D:4:      layout_basic, mainiacjoe_overflow_catwalk,
          minmay_temple_entry_statues_fountains, chequers_serial_rivers_room_a
Temple:   regret_index_temple_generic_petals

Skill      XL: |  1  2  3  4  5 |
---------------+----------------+-----
Dodging        | 1 2 |  2.3
Fighting       | 4 |  4.3
Armour         | 3 |  3.5
Invocations    | 3 |  3.7
Polearms       | 3 |  3.2

Action                   |  1- 3 |  4- 6 || total
-------------------------+-------+-------++-------
Melee: Spear             |   123 |    66 ||   189
       Punch             |     1 |     5 ||     6
       War axe           |       |    47 ||    47
Throw: Javelin           |     3 |     1 ||     4
Invok: Depart the Abyss  |     1 |       ||     1
  Use: Scroll            |       |     1 ||     1
 Stab: Sleeping          |     1 |       ||     1
Armor: Leather armour    |    25 |       ||    25
       Ring mail         |     8 |    27 ||    35
       Plate armour      |       |    40 ||    40
Dodge: Dodged            |    42 |    53 ||    95

Table legend: (Time is in decaauts)
 A = Elapsed time spent in this place.
 B = Non-inter-level travel time spent in this place.
 C = Inter-level travel time spent in this place.
 D = Time resting spent in this place.
 E = Time spent auto-exploring this place.
 F = Levels seen in this place.
 G = Mean time per level.
                   A        B        C        D        E       F      G
               +--------+--------+--------+--------+--------+-----+--------+
         Total |   4014 |   3165 |    849 |    666 |   1817 |   6 |  669.0 |
       Dungeon |   3723 |   2925 |    798 |    666 |   1627 |   4 |  930.8 |
        Temple |    226 |    175 |     51 |      0 |    165 |   1 |  226.0 |
         Abyss |     63 |     63 |      0 |      0 |     25 |   1 |   63.0 |
               +--------+--------+--------+--------+--------+-----+--------+

Top non-repeatable levels by time:
     D:2: 1291 daAuts
     D:3: 1052 daAuts
     D:1: 974 daAuts
     D:4: 405 daAuts
  Temple: 226 daAuts
 Abyss:1: 63 daAuts
